 Dungeon Crawl Stone Soup version 0.29-a0-330-g52719c12eb (webtiles) character file.

Game seed: 17056369885681166448

23 kae the Insei (level 2, 0/23 HPs)
             Began as a Demigod Transmuter on Apr 21, 2022.
             Slain by a hobgoblin (1 damage)
             ... on level 1 of the Dungeon.
             The game lasted 00:00:30 (1138 turns).

kae the Insei (Demigod Transmuter)                  Turns: 1138, Time: 00:00:31

Health: 0/23       AC:  2    Str:  9 (11) XL:     2   Next: 57%
Magic:  7/7        EV: 12    Int: 14 (15) God:
Gold:   44         SH:  0    Dex: 12 (14) Spells: 4/5 levels left

rFire   . . .      SeeInvis .   d - +0 whip
rCold   . . .      Faith    .   (no shield)
rNeg    . . .      Spirit   .   a - +0 robe
rPois   .          Reflect  .   (no helmet)
rElec   .          Harm     .   (no cloak)
rCorr   .          Rampage  .   (no gloves)
Will    .....                   (no boots)
Stlth   +.........              (no amulet)
HPRegen 0.07/turn               (no ring)
MPRegen 0.10/turn               (no ring)

@: brilliant
A: high MP 1, forlorn, divine attributes
a: no special abilities


You were on level 1 of the Dungeon.
You visited 1 branch of the dungeon, and saw 1 of its levels.

You collected 44 gold pieces.

Inventory:

Hand Weapons
 d - a +0 whip (weapon)
Armour
 a - a +0 robe (worn)
Scrolls
 f - a scroll of identify {unknown}
Potions
 b - a potion of lignification


   Skills:
 + Level 1.3 Fighting
 - Level 1.7 Dodging
 + Level 2.9 Unarmed Combat
 + Level 2.0 Spellcasting
 * Level 2.3 Transmutations


You had 4 spell levels left.
You knew the following spells:

 Your Spells              Type           Power      Damage    Failure   Level
a - Beastly Appendage     Tmut           24%        N/A       9%          1

Your spell library contained the following spells:

 Spells                   Type           Power      Damage    Failure   Level
 Wereblood                Tmut           12%        N/A       14%         2
 Spider Form              Tmut/Pois      7%         N/A       41%         3
 Ice Form                 Ice/Tmut       7%         N/A       82%         4


Dungeon Overview and Level Annotations

Branches:
Dungeon (1/15)

Shops:
D:1 =


Innate Abilities, Weirdness & Mutations

You have an increased reservoir of magic. (+10% MP)
You shall have no god before yourself.
Your divine heritage dramatically boosts your attributes as you level up.


Message History

The frilled lizard misses you. The frilled lizard closely misses you.
The giant cockroach barely misses you.
It was a potion of brilliance.
You feel clever all of a sudden. The frilled lizard bites you.
The giant cockroach closely misses you.
It was a potion of curing.
You feel better. The frilled lizard bites you.
The hobgoblin closely misses you. The giant cockroach misses you.
You hit the hobgoblin.
The hobgoblin is moderately wounded.
The giant cockroach closely misses you.
The frilled lizard completely misses you.
The hobgoblin hits you but does no damage. x2
You completely miss the hobgoblin.
The hobgoblin is moderately wounded.
The giant cockroach barely misses you. The hobgoblin misses you.
The frilled lizard closely misses you. The hobgoblin closely misses you.
The giant cockroach misses you.
You closely miss the hobgoblin.
The hobgoblin is moderately wounded.
The hobgoblin barely misses you. The hobgoblin hits you.
The frilled lizard misses you.
The giant cockroach completely misses you.
You hit the hobgoblin.
The hobgoblin is almost dead.
The hobgoblin hits you. x2; The frilled lizard misses you.
The giant cockroach barely misses you. The frilled lizard bites you.
The hobgoblin hits you.
* * * LOW HITPOINT WARNING * * *
The hobgoblin hits you but does no damage.
You barely miss the hobgoblin.
The hobgoblin is almost dead.
The giant cockroach waves its antennae.
The giant cockroach barely misses you. x2; The hobgoblin hits you.
* * * LOW HITPOINT WARNING * * *
The hobgoblin closely misses you. The frilled lizard bites you.
* * * LOW HITPOINT WARNING * * *
You closely miss the hobgoblin.
The hobgoblin is almost dead.
The giant cockroach misses you. The hobgoblin hits you.
You die...

......#.###..........####.#
......#.#...#.#.......)...#
......#....##.#......######
.....##.....#.#...†......#
..[####.....#.#.#.....####
##'# #.......#.#.........#
##.## #####.....##...>.#.##
#...# ###########..#..#.#
+...# #......JB@g........
#...# #.......lg#######.#
##.## #.........# ... ##.#
#.........# #. #..#
#...........# ..##
#.............. ###
............####
............# ............#


You could see an endoplasm, a giant cockroach, 2 hobgoblins and a frilled
lizard.

Vanquished Creatures
  2 worms (D:1)
  2 dart slugs (D:1)
  A ball python (D:1)
  A bat (D:1)
  A goblin (D:1)
  A hobgoblin (D:1)
  2 kobolds (D:1)
  A quokka (D:1)
  A frilled lizard (D:1)
  A rat (D:1)
13 creatures vanquished.

Notes
Turn   | Place    | Note
-------+----------+-------------------------------------------
     0 | D:1      | kae the Demigod Transmuter began the quest for the Orb.
     0 | D:1      | Reached XP level 1. HP: 15/15 MP: 5/5
   142 | D:1      | Found Decsol's Jewellery Shoppe.
   147 | D:1      | Reached skill level 1 in Fighting
   644 | D:1      | Reached XP level 2. HP: 22/23 MP: 5/7
  1137 | D:1      | HP: 1/23 [frilled lizard (1)]
  1138 | D:1      | Slain by a hobgoblin

Illustrated notes

Levels and vault maps discovered:
D:1:      dpeg_arrival_three_smaller_balls, layout_basic, serial_shops, shop,
          corexii_leaking_fountain, nicolae_wormholes

Skill      XL: |  1  2 |
---------------+-------+-----
Fighting       | 1 |  1.3
Transmutations | 2 |  2.3
Spellcasting   | 2 |  2.0
Dodging        | |  1.7
Unarmed Combat | |  2.9

Action                   || total
-------------------------++-------
Melee: Whip              ||    52
       Unarmed           ||     8
       Kick              ||    11
       Headbutt          ||     8
       Punch             ||     1
 Cast: Beastly Appendage ||     9
  Use: Potion            ||     4
Armor: Robe              ||    13
Dodge: Dodged            ||    61

Table legend: (Time is in decaauts)
 A = Elapsed time spent in this place.
 B = Non-inter-level travel time spent in this place.
 C = Inter-level travel time spent in this place.
 D = Time resting spent in this place.
 E = Time spent auto-exploring this place.
 F = Levels seen in this place.
 G = Mean time per level.
                   A        B        C        D        E       F      G
               +--------+--------+--------+--------+--------+-----+--------+
         Total |   1142 |   1142 |      0 |    489 |    496 |   1 | 1142.0 |
       Dungeon |   1142 |   1142 |      0 |    489 |    496 |   1 | 1142.0 |
               +--------+--------+--------+--------+--------+-----+--------+

Top non-repeatable levels by time:
     D:1: 1142 daAuts
